[ AOE2 MATCH · #484357185 ]
UnrankedMalians vs Malay
Player's team · LOSS
[ REPLAY ANALYSIS · EXTRACTED FROM THE RECORDED GAME ]
Feudal
15:55
Castle
20:56
Imperial
36:22
| APM avg | 25.9 |
| APM peak | 56 |
| eAPM avg | 11.6 |
| Villagers / military | 73 / 87 |
Focus
⚔️ 16.9% · 🌾 83.1%
Camel Scout ×49 · Gbeto ×30 · Battering Ram ×5 · Scout Cavalry ×3
Feudal
21:13
Castle
24:28
Imperial
—
| APM avg | 16.0 |
| APM peak | 73 |
| eAPM avg | 11.3 |
| Villagers / military | 169 / 20 |
Focus
⚔️ 7.5% · 🌾 92.5%
Battle Elephant ×18 · Scout Cavalry ×2
Feudal
16:18
Castle
23:32
Imperial
44:40
| APM avg | 17.1 |
| APM peak | 54 |
| eAPM avg | 11.1 |
| Villagers / military | 114 / 68 |
Focus
⚔️ 18.8% · 🌾 81.2%
Knight ×57 · Militia ×5 · Obuch ×3 · Mangonel ×3
Feudal
22:20
Castle
29:24
Imperial
40:22
| APM avg | 25.4 |
| APM peak | 89 |
| eAPM avg | 16.4 |
| Villagers / military | 66 / 20 |
Focus
⚔️ 8.2% · 🌾 91.8%
Archer ×11 · Spearman ×9
Feudal
15:53
Castle
25:57
Imperial
42:43
| APM avg | 16.0 |
| APM peak | 34 |
| eAPM avg | 11.2 |
| Villagers / military | 105 / 84 |
Focus
⚔️ 26.7% · 🌾 73.3%
Scout Cavalry ×50 · Spearman ×16 · Knight ×9 · Militia ×7 · Monk ×2
Feudal
18:58
Castle
30:04
Imperial
—
| APM avg | 20.3 |
| APM peak | 59 |
| eAPM avg | 12.5 |
| Villagers / military | 79 / 115 |
Focus
⚔️ 28.1% · 🌾 71.9%
Scorpion ×95 · Militia ×10 · Battering Ram ×10
Feudal
17:37
Castle
22:59
Imperial
32:38
| APM avg | 17.1 |
| APM peak | 37 |
| eAPM avg | 11.4 |
| Villagers / military | 119 / 93 |
Focus
⚔️ 23.6% · 🌾 76.4%
Tarkan ×87 · Spearman ×5 · Militia ×1
Feudal
20:47
Castle
29:55
Imperial
—
| APM avg | 12.8 |
| APM peak | 54 |
| eAPM avg | 8.5 |
| Villagers / military | 64 / 28 |
Focus
⚔️ 20.4% · 🌾 79.6%
Spearman ×12 · Militia ×10 · Mangudai ×6
Match map
Initial resources + every placement click. Lines = walls · curves = elevation contours. ◆ gold · ⬟ stone · ● berries · ✦ relic · ◌ wall gap
Your base· Open — unwalled flank
G.Best's base· Open — unwalled flank
Nhialy's base· Open — unwalled flank
Memory's base· Open — unwalled flank
Konstantinos V Basileius Romaion's base· Open — 8t gap
Harisudhan D's base· Open — unwalled flank
Klimada's base· Open — unwalled flank
Just_jawad's base· Open — unwalled flank
Smoothed initial terrain · ◌ = detected wall gap · hover for details
Inputs per minute
— Mistydeath - - G.Best
Build order — Mistydeath
First 150 of 230 actions detected
| 0:37 | Build | Town Center |
| 2:04 | Build | House |
| 2:33 | Build | House |
| 3:19 | Create | Villager (Male) |
| 3:20 | Create | Villager (Male) |
| 3:20 | Create | Villager (Male) |
| 3:20 | Create | Villager (Male) |
| 3:20 | Create | Villager (Male) |
| 4:34 | Create | Villager (Male) |
| 5:10 | Create | Villager (Male) |
| 5:10 | Create | Villager (Male) |
| 5:50 | Create | Villager (Male) |
| 6:10 | Create | Villager (Male) |
| 6:10 | Create | Villager (Male) |
| 6:33 | Create | Villager (Male) |
| 7:01 | Create | Villager (Male) |
| 7:02 | Create | Villager (Male) |
| 7:02 | Create | Villager (Male) |
| 7:11 | Build | Lumber Camp |
| 7:34 | Research | Loom |
| 7:34 | Create | Villager (Male) |
| 7:35 | Create | Villager (Male) |
| 7:47 | Create | Villager (Male) |
| 8:08 | Build | House |
| 8:24 | Create | Villager (Male) |
| 8:25 | Create | Villager (Male) |
| 9:18 | Create | Villager (Male) |
| 9:19 | Create | Villager (Male) |
| 9:24 | Build | House |
| 9:26 | Build | House |
| 10:16 | Create | Villager (Male) |
| 10:16 | Create | Villager (Male) |
| 11:04 | Build | House |
| 11:06 | Build | House |
| 11:30 | Create | Villager (Male) |
| 11:31 | Create | Villager (Male) |
| 12:26 | Build | Mining Camp |
| 12:43 | Create | Villager (Male) |
| 12:43 | Create | Villager (Male) |
| 13:21 | Research | Feudal Age |
| 15:55 | Age | Feudal Age |
| 15:59 | Research | Wheelbarrow |
| 16:02 | Research | Double-Bit Axe |
| 16:13 | Build | Blacksmith |
| 16:25 | Build | Mill |
| 17:12 | Build | Market |
| 17:26 | Create | Villager (Male) |
| 17:26 | Create | Villager (Male) |
| 18:03 | Research | Castle Age |
| 18:18 | Research | Stone Mining |
| 19:00 | Research | Gold Mining |
| 19:18 | Build | Mill |
| 19:35 | Build | Barracks |
| 19:57 | Research | Town Watch |
| 20:43 | Build | Stable |
| 20:56 | Age | Castle Age |
| 21:00 | Research | Hand Cart |
| 21:02 | Research | Bow Saw |
| 21:07 | Build | Town Center |
| 21:28 | Build | Town Center |
| 21:42 | Create | Scout Cavalry |
| 21:43 | Create | Scout Cavalry |
| 21:55 | Create | Villager (Male) |
| 21:55 | Create | Villager (Male) |
| 22:26 | Research | Bloodlines |
| 22:29 | Create | Villager (Male) |
| 22:52 | Create | Villager (Male) |
| 22:53 | Create | Villager (Male) |
| 22:53 | Create | Villager (Male) |
| 23:01 | Create | Villager (Male) |
| 23:06 | Create | Villager (Male) |
| 23:06 | Create | Villager (Male) |
| 23:06 | Create | Villager (Male) |
| 23:27 | Create | Villager (Male) |
| 23:27 | Create | Villager (Male) |
| 23:45 | Create | Villager (Male) |
| 23:45 | Create | Villager (Male) |
| 23:45 | Create | Villager (Male) |
| 23:46 | Create | Villager (Male) |
| 24:00 | Create | Villager (Male) |
| 24:19 | Build | Mill |
| 24:27 | Build | Farm |
| 24:27 | Build | Farm |
| 24:27 | Build | Farm |
| 24:29 | Research | Horse Collar |
| 24:30 | Create | Villager (Male) |
| 25:09 | Build | Castle |
| 25:10 | Create | Villager (Male) |
| 25:11 | Create | Villager (Male) |
| 25:33 | Create | Villager (Male) |
| 25:36 | Build | House |
| 25:47 | Build | Mill |
| 26:02 | Build | House |
| 26:03 | Build | House |
| 26:03 | Build | House |
| 26:04 | Build | House |
| 26:05 | Build | House |
| 26:06 | Build | House |
| 26:14 | Create | Villager (Male) |
| 26:14 | Create | Villager (Male) |
| 26:40 | Build | Siege Workshop |
| 26:51 | Build | Farm |
| 27:11 | Build | Mill |
| 27:12 | Build | Mill |
| 27:33 | Research | Forging |
| 27:42 | Create | Villager (Male) |
| 27:42 | Create | Villager (Male) |
| 27:42 | Create | Villager (Male) |
| 27:42 | Create | Villager (Male) |
| 27:43 | Create | Villager (Male) |
| 27:43 | Create | Villager (Male) |
| 28:07 | Create | Gbeto ×2 |
| 28:14 | Create | Battering Ram |
| 28:14 | Create | Battering Ram |
| 28:15 | Create | Battering Ram |
| 28:19 | Create | Gbeto ×2 |
| 28:32 | Build | Farm |
| 28:32 | Build | Farm |
| 28:32 | Build | Farm |
| 28:33 | Build | Farm |
| 28:40 | Research | Squires |
| 28:46 | Create | Gbeto |
| 28:51 | Build | Farm |
| 28:51 | Build | Farm |
| 28:52 | Build | Farm |
| 28:55 | Create | Villager (Male) |
| 29:20 | Create | Gbeto ×5 |
| 29:38 | Research | Scale Mail Armor |
| 30:05 | Build | University |
| 30:07 | Create | Gbeto ×5 |
| 31:21 | Create | Gbeto ×5 |
| 31:26 | Research | Iron Casting |
| 32:10 | Create | Gbeto ×5 |
| 33:12 | Research | Imperial Age |
| 33:40 | Create | Battering Ram |
| 33:40 | Create | Battering Ram |
| 33:44 | Create | Villager (Male) |
| 33:44 | Create | Villager (Male) |
| 33:48 | Research | Light Cavalry (upgrade) |
| 33:49 | Research | Husbandry |
| 33:49 | Create | Scout Cavalry |
| 34:17 | Research | Ballistics |
| 34:41 | Create | Gbeto ×5 |
| 34:49 | Build | Town Center |
| 35:37 | Build | Outpost |
| 36:00 | Build | Outpost |
| 36:22 | Age | Imperial Age |
| 36:22 | Build | Stable |
| 36:23 | Build | Stable |
| 36:24 | Build | Stable |
Build order — G.Best
First 150 of 251 actions detected
| 6:09 | Build | Town Center |
| 6:51 | Build | House |
| 6:52 | Build | House |
| 8:53 | Create | Villager (Male) |
| 8:53 | Create | Villager (Male) |
| 8:53 | Create | Villager (Male) |
| 8:53 | Create | Villager (Male) |
| 8:54 | Create | Villager (Male) |
| 8:54 | Create | Villager (Male) |
| 10:14 | Create | Villager (Male) |
| 10:14 | Create | Villager (Male) |
| 10:15 | Create | Villager (Male) |
| 10:39 | Build | Lumber Camp |
| 11:24 | Create | Villager (Male) |
| 11:24 | Create | Villager (Male) |
| 12:13 | Create | Villager (Male) |
| 12:13 | Create | Villager (Male) |
| 12:14 | Create | Villager (Male) |
| 12:19 | Build | House |
| 12:57 | Build | Mill |
| 13:14 | Create | Villager (Male) |
| 13:15 | Create | Villager (Male) |
| 13:15 | Create | Villager (Male) |
| 13:59 | Create | Villager (Male) |
| 14:00 | Create | Villager (Male) |
| 14:30 | Create | Villager (Male) |
| 14:30 | Create | Villager (Male) |
| 14:31 | Create | Villager (Male) |
| 14:31 | Create | Villager (Male) |
| 15:09 | Build | House |
| 15:35 | Create | Villager (Male) |
| 15:35 | Create | Villager (Male) |
| 15:36 | Create | Villager (Male) |
| 15:36 | Create | Villager (Male) |
| 15:52 | Build | Mining Camp |
| 16:04 | Create | Villager (Male) |
| 16:53 | Create | Villager (Male) |
| 16:54 | Create | Villager (Male) |
| 17:03 | Build | House |
| 17:45 | Create | Villager (Male) |
| 17:45 | Create | Villager (Male) |
| 18:49 | Create | Villager (Male) |
| 18:50 | Create | Villager (Male) |
| 18:50 | Create | Villager (Male) |
| 18:59 | Research | Feudal Age |
| 19:18 | Research | Loom |
| 19:29 | Build | Farm |
| 19:29 | Build | Farm |
| 19:30 | Build | Farm |
| 19:30 | Build | Farm |
| 19:31 | Build | Farm |
| 19:43 | Build | Lumber Camp |
| 20:03 | Build | House |
| 20:05 | Build | House |
| 20:22 | Create | Villager (Male) |
| 20:22 | Create | Villager (Male) |
| 20:22 | Create | Villager (Male) |
| 21:13 | Age | Feudal Age |
| 21:32 | Build | Blacksmith |
| 21:41 | Build | Market |
| 22:52 | Research | Castle Age |
| 23:25 | Build | Barracks |
| 23:46 | Research | Forging |
| 23:54 | Create | Villager (Male) |
| 23:55 | Create | Villager (Male) |
| 24:28 | Age | Castle Age |
| 24:39 | Build | Stable |
| 24:41 | Build | Stable |
| 24:42 | Build | Stable |
| 25:12 | Create | Villager (Male) |
| 25:12 | Create | Villager (Male) |
| 25:12 | Create | Villager (Male) |
| 25:12 | Create | Villager (Male) |
| 25:27 | Research | Double-Bit Axe |
| 25:30 | Research | Horse Collar |
| 25:45 | Create | Battle Elephant |
| 26:15 | Build | Town Center |
| 26:26 | Create | Battle Elephant |
| 26:29 | Create | Battle Elephant |
| 26:48 | Build | Mill |
| 27:20 | Create | Battle Elephant ×2 |
| 27:21 | Create | Battle Elephant ×2 |
| 27:31 | Build | House |
| 27:34 | Build | House |
| 27:36 | Build | House |
| 27:37 | Build | House |
| 27:40 | Build | House |
| 27:43 | Build | House |
| 27:44 | Build | House |
| 27:51 | Create | Villager (Male) |
| 27:52 | Create | Villager (Male) |
| 28:20 | Create | Battle Elephant |
| 28:20 | Create | Battle Elephant |
| 28:21 | Create | Battle Elephant |
| 28:21 | Create | Battle Elephant |
| 28:33 | Build | Farm |
| 28:33 | Build | Farm |
| 28:33 | Build | Farm |
| 28:33 | Build | Farm |
| 28:38 | Create | Villager (Male) |
| 28:38 | Create | Villager (Male) |
| 28:39 | Create | Villager (Male) |
| 28:39 | Create | Villager (Male) |
| 29:28 | Create | Battle Elephant ×2 |
| 29:28 | Create | Battle Elephant ×2 |
| 29:43 | Build | Farm |
| 29:44 | Build | Farm |
| 29:55 | Create | Villager (Male) |
| 29:55 | Create | Villager (Male) |
| 30:19 | Create | Battle Elephant |
| 30:35 | Create | Villager (Male) |
| 30:36 | Create | Villager (Male) |
| 30:36 | Create | Villager (Male) |
| 30:44 | Build | Farm |
| 30:44 | Build | Farm |
| 30:44 | Build | Farm |
| 30:44 | Build | Farm |
| 30:45 | Build | Farm |
| 30:45 | Build | Farm |
| 30:51 | Create | Villager (Male) |
| 30:51 | Create | Villager (Male) |
| 30:51 | Create | Villager (Male) |
| 31:00 | Create | Villager (Male) |
| 31:00 | Create | Villager (Male) |
| 31:00 | Create | Villager (Male) |
| 31:19 | Create | Villager (Male) |
| 31:19 | Create | Villager (Male) |
| 31:19 | Create | Villager (Male) |
| 31:28 | Create | Villager (Male) |
| 31:28 | Create | Villager (Male) |
| 31:28 | Create | Villager (Male) |
| 31:52 | Create | Villager (Male) |
| 31:52 | Create | Villager (Male) |
| 31:52 | Create | Villager (Male) |
| 32:01 | Create | Villager (Male) |
| 32:01 | Create | Villager (Male) |
| 32:01 | Create | Villager (Male) |
| 32:10 | Create | Villager (Male) |
| 32:10 | Create | Villager (Male) |
| 32:10 | Create | Villager (Male) |
| 32:31 | Create | Villager (Male) |
| 32:31 | Create | Villager (Male) |
| 32:32 | Create | Villager (Male) |
| 32:40 | Create | Villager (Male) |
| 32:40 | Create | Villager (Male) |
| 32:40 | Create | Villager (Male) |
| 32:50 | Create | Villager (Male) |
| 32:50 | Create | Villager (Male) |
| 32:50 | Create | Villager (Male) |
| 33:47 | Create | Villager (Male) |
Build order — Nhialy
First 150 of 274 actions detected
| 0:03 | Build | House |
| 0:11 | Build | House |
| 0:23 | Build | Town Center |
| 2:53 | Create | Villager (Male) |
| 3:15 | Create | Villager (Male) |
| 3:17 | Create | Villager (Male) |
| 3:31 | Create | Villager (Male) |
| 4:24 | Create | Villager (Male) |
| 4:41 | Create | Villager (Male) |
| 5:38 | Create | Villager (Male) |
| 5:50 | Create | Villager (Male) |
| 6:37 | Build | Mill |
| 6:41 | Create | Villager (Male) |
| 6:42 | Create | Villager (Male) |
| 6:50 | Build | House |
| 6:56 | Create | Villager (Male) |
| 7:11 | Create | Villager (Male) |
| 7:34 | Create | Villager (Male) |
| 7:59 | Build | Barracks |
| 8:24 | Create | Villager (Male) |
| 8:36 | Build | House |
| 9:10 | Create | Villager (Male) |
| 9:15 | Create | Villager (Male) |
| 9:16 | Create | Villager (Male) |
| 9:26 | Create | Militia |
| 9:26 | Create | Militia |
| 9:39 | Create | Villager (Male) |
| 9:49 | Build | Mining Camp |
| 9:57 | Create | Villager (Male) |
| 10:07 | Create | Villager (Male) |
| 10:07 | Create | Villager (Male) |
| 10:30 | Create | Villager (Male) |
| 10:38 | Create | Militia |
| 11:05 | Create | Villager (Male) |
| 11:49 | Create | Villager (Male) |
| 12:14 | Build | Mill |
| 12:25 | Build | Mining Camp |
| 12:54 | Create | Villager (Male) |
| 13:43 | Create | Villager (Male) |
| 13:55 | Research | Feudal Age |
| 14:32 | Build | Farm |
| 14:33 | Build | Farm |
| 14:34 | Build | Farm |
| 14:35 | Build | Farm |
| 14:38 | Build | Farm |
| 14:39 | Build | Farm |
| 15:44 | Create | Villager (Male) |
| 15:48 | Create | Militia |
| 15:49 | Create | Militia |
| 16:18 | Age | Feudal Age |
| 16:22 | Research | Man-at-Arms (upgrade) |
| 16:24 | Create | Villager (Male) |
| 16:25 | Create | Villager (Male) |
| 17:06 | Create | Villager (Male) |
| 17:14 | Build | Blacksmith |
| 17:50 | Build | Farm |
| 17:54 | Build | Farm |
| 17:58 | Build | Farm |
| 17:59 | Build | Farm |
| 18:01 | Build | Farm |
| 18:01 | Build | Farm |
| 18:03 | Build | Farm |
| 18:04 | Build | Farm |
| 18:05 | Build | Farm |
| 18:09 | Create | Villager (Male) |
| 18:09 | Create | Villager (Male) |
| 18:10 | Create | Villager (Male) |
| 18:21 | Build | Stable |
| 19:04 | Build | House |
| 19:18 | Research | Bloodlines |
| 19:32 | Build | Stable |
| 19:36 | Create | Villager (Male) |
| 19:37 | Create | Villager (Male) |
| 19:44 | Build | House |
| 20:14 | Build | Gate |
| 20:24 | Build | Stone Wall |
| 20:27 | Create | Villager (Male) |
| 20:30 | Research | Castle Age |
| 20:36 | Build | House |
| 21:40 | Research | Scale Barding Armor |
| 21:41 | Research | Forging |
| 21:50 | Build | Lumber Camp |
| 21:57 | Research | Horse Collar |
| 23:32 | Age | Castle Age |
| 23:37 | Build | Castle |
| 23:42 | Build | House |
| 23:45 | Build | House |
| 23:49 | Build | House |
| 24:15 | Create | Villager (Male) |
| 24:16 | Create | Villager (Male) |
| 24:16 | Create | Villager (Male) |
| 24:43 | Build | House |
| 24:46 | Build | House |
| 25:21 | Create | Knight |
| 25:22 | Create | Knight |
| 25:59 | Create | Villager (Male) |
| 25:59 | Create | Villager (Male) |
| 26:19 | Create | Knight ×5 |
| 26:19 | Create | Knight |
| 26:20 | Create | Villager (Male) |
| 26:20 | Create | Villager (Male) |
| 26:24 | Build | Town Center |
| 26:27 | Create | Villager (Male) |
| 26:27 | Create | Villager (Male) |
| 26:35 | Research | Husbandry |
| 26:52 | Create | Villager (Male) |
| 26:52 | Create | Villager (Male) |
| 27:03 | Build | Town Center |
| 28:03 | Create | Villager (Male) |
| 28:03 | Create | Villager (Male) |
| 28:07 | Build | Farm |
| 28:08 | Create | Villager (Male) |
| 28:08 | Create | Villager (Male) |
| 28:09 | Create | Villager (Male) |
| 28:14 | Create | Villager (Male) |
| 28:15 | Create | Villager (Male) |
| 29:24 | Create | Villager (Male) |
| 29:25 | Create | Villager (Male) |
| 29:31 | Create | Villager (Male) |
| 29:32 | Create | Villager (Male) |
| 29:36 | Build | Farm |
| 29:38 | Build | Farm |
| 29:39 | Build | Farm |
| 29:42 | Build | Farm |
| 29:44 | Build | Farm |
| 29:47 | Create | Villager (Male) |
| 29:47 | Create | Villager (Male) |
| 29:49 | Create | Villager (Male) |
| 29:49 | Create | Villager (Male) |
| 30:54 | Create | Villager (Male) |
| 30:54 | Create | Villager (Male) |
| 30:57 | Build | Farm |
| 31:08 | Build | Mill |
| 31:13 | Build | Farm |
| 31:20 | Create | Villager (Male) |
| 31:20 | Create | Villager (Male) |
| 31:20 | Create | Villager (Male) |
| 31:21 | Create | Villager (Male) |
| 31:24 | Create | Villager (Male) |
| 31:25 | Create | Villager (Male) |
| 31:40 | Create | Knight ×4 |
| 31:46 | Create | Obuch |
| 32:01 | Create | Villager (Male) |
| 32:07 | Build | Farm |
| 32:15 | Create | Villager (Male) |
| 32:16 | Create | Villager (Male) |
| 32:23 | Create | Villager (Male) |
| 32:24 | Create | Villager (Male) |
| 32:32 | Build | Town Center |
| 32:36 | Create | Villager (Male) |
Build order — Memory
First 150 of 168 actions detected
| 2:15 | Build | Town Center |
| 4:02 | Create | Villager (Male) |
| 4:03 | Create | Villager (Male) |
| 4:03 | Create | Villager (Male) |
| 4:03 | Create | Villager (Male) |
| 4:03 | Create | Villager (Male) |
| 4:34 | Build | House |
| 5:04 | Build | House |
| 5:19 | Create | Villager (Male) |
| 5:19 | Create | Villager (Male) |
| 5:47 | Build | Mill |
| 6:01 | Create | Villager (Male) |
| 6:02 | Create | Villager (Male) |
| 6:45 | Create | Villager (Male) |
| 6:50 | Create | Villager (Male) |
| 6:50 | Create | Villager (Male) |
| 7:24 | Create | Villager (Male) |
| 7:24 | Create | Villager (Male) |
| 7:37 | Research | Loom |
| 7:54 | Create | Villager (Male) |
| 7:54 | Create | Villager (Male) |
| 8:26 | Build | House |
| 8:40 | Build | Mill |
| 8:47 | Build | House |
| 8:50 | Create | Villager (Male) |
| 9:11 | Build | House |
| 9:13 | Create | Villager (Male) |
| 9:14 | Create | Villager (Male) |
| 9:26 | Build | Mill |
| 9:45 | Create | Villager (Male) |
| 9:45 | Create | Villager (Male) |
| 10:07 | Create | Villager (Male) |
| 10:18 | Build | Farm |
| 10:30 | Create | Villager (Male) |
| 11:11 | Build | Farm |
| 11:12 | Build | Farm |
| 11:14 | Build | Farm |
| 11:19 | Create | Villager (Male) |
| 11:19 | Create | Villager (Male) |
| 11:20 | Create | Villager (Male) |
| 11:27 | Build | Farm |
| 11:52 | Build | Farm |
| 12:02 | Build | Farm |
| 12:07 | Create | Villager (Male) |
| 12:07 | Create | Villager (Male) |
| 12:25 | Create | Villager (Male) |
| 12:26 | Create | Villager (Male) |
| 12:49 | Build | House |
| 13:02 | Build | House |
| 13:03 | Build | House |
| 13:10 | Build | House |
| 13:11 | Create | Villager (Male) |
| 13:11 | Create | Villager (Male) |
| 13:25 | Build | Farm |
| 13:50 | Build | Farm |
| 14:06 | Create | Villager (Male) |
| 14:06 | Create | Villager (Male) |
| 14:06 | Create | Villager (Male) |
| 14:24 | Build | Farm |
| 14:28 | Build | Farm |
| 14:30 | Create | Villager (Male) |
| 14:30 | Create | Villager (Male) |
| 14:37 | Build | House |
| 14:38 | Build | House |
| 15:08 | Create | Villager (Male) |
| 15:09 | Create | Villager (Male) |
| 15:09 | Create | Villager (Male) |
| 15:22 | Build | Mill |
| 16:06 | Build | Barracks |
| 16:10 | Create | Villager (Male) |
| 16:11 | Create | Villager (Male) |
| 16:11 | Create | Villager (Male) |
| 16:26 | Build | Mill |
| 16:32 | Create | Villager (Male) |
| 16:33 | Create | Villager (Male) |
| 17:09 | Create | Villager (Male) |
| 17:09 | Create | Villager (Male) |
| 17:10 | Create | Villager (Male) |
| 17:27 | Build | House |
| 17:28 | Build | House |
| 17:44 | Build | Mining Camp |
| 17:49 | Create | Villager (Male) |
| 17:49 | Create | Villager (Male) |
| 18:06 | Create | Villager (Male) |
| 18:15 | Build | House |
| 18:16 | Build | House |
| 18:23 | Create | Villager (Male) |
| 18:24 | Create | Villager (Male) |
| 19:13 | Build | Mining Camp |
| 20:00 | Build | Farm |
| 20:10 | Research | Feudal Age |
| 22:20 | Age | Feudal Age |
| 22:26 | Create | Spearman |
| 22:26 | Create | Spearman |
| 22:27 | Create | Spearman |
| 22:38 | Build | Archery Range |
| 22:42 | Create | Villager (Male) |
| 22:43 | Create | Villager (Male) |
| 22:43 | Create | Villager (Male) |
| 23:03 | Build | Blacksmith |
| 23:09 | Create | Villager (Male) |
| 23:09 | Create | Villager (Male) |
| 23:21 | Research | Horse Collar |
| 23:32 | Build | Lumber Camp |
| 23:39 | Create | Villager (Male) |
| 24:03 | Create | Archer |
| 24:03 | Create | Archer |
| 24:05 | Create | Archer |
| 24:06 | Create | Archer |
| 24:16 | Create | Archer |
| 24:17 | Create | Archer |
| 24:34 | Build | Market |
| 26:17 | Create | Archer |
| 26:17 | Create | Archer |
| 26:17 | Create | Archer |
| 26:19 | Create | Villager (Male) |
| 26:29 | Research | Castle Age |
| 26:36 | Create | Archer |
| 26:36 | Create | Archer |
| 26:41 | Create | Spearman |
| 26:41 | Create | Spearman |
| 26:41 | Create | Spearman |
| 26:53 | Build | Farm |
| 26:53 | Build | Farm |
| 26:54 | Build | Farm |
| 26:54 | Build | Farm |
| 26:54 | Build | Farm |
| 26:54 | Build | Farm |
| 26:55 | Build | Farm |
| 26:55 | Build | Farm |
| 27:22 | Create | Spearman |
| 27:43 | Research | Scale Mail Armor |
| 28:54 | Create | Spearman |
| 29:24 | Age | Castle Age |
| 29:33 | Build | Castle |
| 31:04 | Build | Mining Camp |
| 31:52 | Build | Town Center |
| 36:47 | Create | Villager (Male) |
| 36:47 | Create | Villager (Male) |
| 36:49 | Research | Imperial Age |
| 37:14 | Build | Barracks |
| 38:36 | Build | Archery Range |
| 38:51 | Build | Barracks |
| 38:59 | Build | Barracks |
| 39:15 | Create | Spearman |
| 39:26 | Build | House |
| 39:27 | Build | House |
| 39:28 | Build | House |
| 39:35 | Build | House |
| 39:36 | Build | House |
Build order — Konstantinos V Basileius Romaion
First 150 of 218 actions detected
| 0:12 | Build | House |
| 0:39 | Build | Town Center |
| 2:58 | Build | House |
| 3:07 | Build | Lumber Camp |
| 3:17 | Create | Villager (Male) |
| 3:18 | Create | Villager (Male) |
| 3:19 | Create | Villager (Male) |
| 3:19 | Create | Villager (Male) |
| 3:20 | Create | Villager (Male) |
| 3:21 | Create | Villager (Male) |
| 4:52 | Create | Villager (Male) |
| 5:43 | Create | Villager (Male) |
| 6:12 | Create | Villager (Male) |
| 6:22 | Build | Mill |
| 6:35 | Create | Villager (Male) |
| 6:48 | Create | Villager (Male) |
| 7:26 | Build | Mill |
| 7:40 | Research | Loom |
| 7:40 | Create | Villager (Male) |
| 8:16 | Create | Villager (Male) |
| 9:03 | Build | House |
| 9:12 | Create | Villager (Male) |
| 9:28 | Build | House |
| 9:35 | Create | Villager (Male) |
| 10:04 | Build | Mining Camp |
| 10:09 | Create | Villager (Male) |
| 10:35 | Build | Mining Camp |
| 10:53 | Create | Villager (Male) |
| 10:54 | Create | Villager (Male) |
| 11:41 | Create | Villager (Male) |
| 11:48 | Build | Barracks |
| 12:19 | Create | Villager (Male) |
| 12:20 | Create | Villager (Male) |
| 12:26 | Build | House |
| 13:10 | Build | Palisade Wall |
| 13:43 | Research | Feudal Age |
| 14:09 | Create | Militia |
| 14:18 | Create | Militia |
| 14:27 | Create | Villager (Male) |
| 14:49 | Create | Militia |
| 14:52 | Create | Villager (Male) |
| 15:04 | Create | Militia |
| 15:17 | Create | Villager (Male) |
| 15:34 | Build | House |
| 15:53 | Age | Feudal Age |
| 15:54 | Research | Double-Bit Axe |
| 16:04 | Build | Stable |
| 16:09 | Build | Stable |
| 16:33 | Research | Man-at-Arms (upgrade) |
| 16:47 | Build | Blacksmith |
| 17:14 | Create | Villager (Male) |
| 17:15 | Create | Villager (Male) |
| 17:31 | Create | Villager (Male) |
| 17:53 | Build | Lumber Camp |
| 18:41 | Research | Horse Collar |
| 18:41 | Create | Villager (Male) |
| 18:42 | Create | Villager (Male) |
| 19:15 | Create | Villager (Male) |
| 19:20 | Build | Farm |
| 19:46 | Create | Scout Cavalry ×3 |
| 19:53 | Build | Farm |
| 19:54 | Create | Villager (Male) |
| 20:00 | Build | Farm |
| 20:09 | Build | Farm |
| 20:18 | Build | House |
| 20:58 | Build | Farm |
| 20:59 | Build | Farm |
| 21:05 | Build | Farm |
| 21:14 | Create | Villager (Male) |
| 21:14 | Create | Villager (Male) |
| 21:35 | Build | Mill |
| 21:47 | Create | Villager (Male) |
| 21:55 | Build | Farm |
| 22:27 | Build | Farm |
| 22:29 | Create | Villager (Male) |
| 22:35 | Build | Farm |
| 22:46 | Create | Villager (Male) |
| 23:04 | Build | House |
| 23:05 | Build | House |
| 23:17 | Research | Castle Age |
| 24:07 | Create | Militia |
| 24:07 | Create | Militia |
| 24:08 | Create | Militia |
| 24:53 | Create | Villager (Male) |
| 24:53 | Create | Villager (Male) |
| 25:22 | Build | Farm |
| 25:23 | Build | Farm |
| 25:24 | Build | Farm |
| 25:29 | Research | Wheelbarrow |
| 25:30 | Create | Villager (Male) |
| 25:30 | Create | Villager (Male) |
| 25:45 | Research | Forging |
| 25:51 | Build | House |
| 25:52 | Build | House |
| 25:57 | Age | Castle Age |
| 26:08 | Build | Town Center |
| 26:15 | Build | Town Center |
| 26:27 | Create | Knight |
| 27:25 | Research | Light Cavalry (upgrade) |
| 27:26 | Create | Scout Cavalry |
| 27:26 | Create | Scout Cavalry |
| 27:32 | Create | Scout Cavalry |
| 27:33 | Create | Scout Cavalry |
| 27:36 | Create | Villager (Male) ×5 |
| 27:37 | Create | Villager (Male) ×5 |
| 27:45 | Research | Scale Barding Armor |
| 28:18 | Build | Farm |
| 28:21 | Build | Farm |
| 28:24 | Create | Villager (Male) ×5 |
| 28:32 | Build | Town Center |
| 28:43 | Build | Farm |
| 28:45 | Create | Knight |
| 29:26 | Build | Farm |
| 29:31 | Create | Knight |
| 29:51 | Create | Villager (Male) ×5 |
| 30:06 | Research | Gold Mining |
| 30:15 | Build | Farm |
| 30:27 | Create | Villager (Male) ×5 |
| 30:35 | Build | Farm |
| 30:38 | Build | House |
| 30:40 | Build | House |
| 30:46 | Build | Farm |
| 30:50 | Build | Farm |
| 31:05 | Research | Bow Saw |
| 31:09 | Create | Villager (Male) ×2 |
| 31:20 | Build | Farm |
| 31:22 | Build | Farm |
| 31:28 | Create | Knight |
| 31:28 | Create | Knight |
| 31:40 | Build | Farm |
| 31:42 | Create | Villager (Male) ×2 |
| 31:49 | Build | Farm |
| 32:00 | Build | Farm |
| 32:06 | Build | Farm |
| 32:21 | Research | Iron Casting |
| 32:32 | Build | Mining Camp |
| 32:38 | Build | Mining Camp |
| 32:43 | Create | Villager (Male) ×5 |
| 32:49 | Build | Farm |
| 32:53 | Build | Farm |
| 32:58 | Create | Knight |
| 33:01 | Create | Scout Cavalry |
| 33:23 | Build | Farm |
| 33:27 | Build | Farm |
| 33:30 | Build | Farm |
| 33:35 | Build | Farm |
| 33:39 | Build | Farm |
| 33:42 | Research | Bloodlines |
| 33:45 | Create | Villager (Male) ×4 |
| 33:53 | Build | House |
Build order — Harisudhan D
First 150 of 275 actions detected
| 3:27 | Build | Town Center |
| 3:45 | Build | House |
| 3:46 | Build | House |
| 5:57 | Research | Loom |
| 5:57 | Create | Villager (Male) |
| 5:58 | Create | Villager (Male) |
| 5:58 | Create | Villager (Male) |
| 5:58 | Create | Villager (Male) |
| 5:58 | Create | Villager (Male) |
| 7:38 | Build | House |
| 7:39 | Build | House |
| 7:44 | Create | Villager (Male) |
| 7:45 | Create | Villager (Male) |
| 7:47 | Create | Villager (Male) |
| 8:18 | Create | Villager (Male) |
| 8:18 | Create | Villager (Male) |
| 8:59 | Create | Villager (Male) |
| 8:59 | Create | Villager (Male) |
| 9:34 | Create | Villager (Male) |
| 9:34 | Create | Villager (Male) |
| 9:52 | Create | Villager (Male) |
| 9:52 | Create | Villager (Male) |
| 9:52 | Create | Villager (Male) |
| 10:32 | Build | Mill |
| 10:58 | Create | Villager (Male) |
| 10:58 | Create | Villager (Male) |
| 10:58 | Create | Villager (Male) |
| 11:22 | Create | Villager (Male) |
| 11:22 | Create | Villager (Male) |
| 11:23 | Create | Villager (Male) |
| 11:23 | Create | Villager (Male) |
| 11:23 | Create | Villager (Male) |
| 12:32 | Create | Villager (Male) |
| 12:33 | Create | Villager (Male) |
| 12:33 | Create | Villager (Male) |
| 13:21 | Build | Lumber Camp |
| 13:25 | Create | Villager (Male) |
| 13:25 | Create | Villager (Male) |
| 14:15 | Create | Villager (Male) |
| 14:16 | Create | Villager (Male) |
| 14:16 | Create | Villager (Male) |
| 14:16 | Create | Villager (Male) |
| 14:16 | Create | Villager (Male) |
| 14:36 | Build | Barracks |
| 14:49 | Build | House |
| 15:26 | Build | Mining Camp |
| 16:00 | Research | Feudal Age |
| 16:29 | Build | Mill |
| 17:22 | Create | Militia |
| 17:22 | Create | Militia |
| 17:22 | Create | Militia |
| 17:23 | Create | Militia |
| 17:23 | Create | Militia |
| 17:23 | Create | Militia |
| 17:28 | Build | House |
| 17:28 | Build | House |
| 17:29 | Build | House |
| 17:30 | Build | House |
| 17:30 | Build | House |
| 17:36 | Build | House |
| 17:38 | Build | House |
| 17:44 | Build | House |
| 17:48 | Build | House |
| 18:52 | Create | Militia |
| 18:58 | Age | Feudal Age |
| 19:00 | Research | Man-at-Arms (upgrade) |
| 19:12 | Research | Horse Collar |
| 19:34 | Create | Villager (Male) |
| 19:35 | Create | Villager (Male) |
| 19:35 | Create | Villager (Male) |
| 19:50 | Research | Double-Bit Axe |
| 20:05 | Build | Farm |
| 20:13 | Build | Farm |
| 20:15 | Build | Farm |
| 20:16 | Build | Farm |
| 20:17 | Build | Farm |
| 20:21 | Build | Farm |
| 20:22 | Build | Farm |
| 20:31 | Build | Farm |
| 20:32 | Create | Villager (Male) |
| 20:32 | Create | Villager (Male) |
| 21:01 | Build | Farm |
| 21:03 | Create | Militia |
| 21:03 | Create | Militia |
| 21:03 | Create | Militia |
| 22:05 | Create | Villager (Male) |
| 22:05 | Create | Villager (Male) |
| 22:05 | Create | Villager (Male) |
| 22:43 | Build | Farm |
| 22:44 | Create | Villager (Male) |
| 22:56 | Create | Villager (Male) |
| 22:57 | Create | Villager (Male) |
| 24:13 | Build | Mill |
| 24:26 | Build | Market |
| 24:29 | Build | Blacksmith |
| 24:35 | Research | Wheelbarrow |
| 24:37 | Build | Farm |
| 24:41 | Build | Farm |
| 24:43 | Build | Farm |
| 24:44 | Build | Farm |
| 24:45 | Build | Farm |
| 26:05 | Create | Villager (Male) |
| 26:05 | Create | Villager (Male) |
| 26:06 | Create | Villager (Male) |
| 26:06 | Create | Villager (Male) |
| 26:37 | Build | Mill |
| 27:08 | Build | Farm |
| 27:12 | Build | Farm |
| 27:24 | Research | Castle Age |
| 27:28 | Build | Farm |
| 27:32 | Research | Gold Mining |
| 28:28 | Build | Lumber Camp |
| 28:41 | Build | Lumber Camp |
| 30:00 | Create | Villager (Male) |
| 30:00 | Create | Villager (Male) |
| 30:00 | Create | Villager (Male) |
| 30:00 | Create | Villager (Male) |
| 30:01 | Create | Villager (Male) |
| 30:04 | Age | Castle Age |
| 30:12 | Research | Gold Shaft Mining |
| 30:14 | Research | Bow Saw |
| 30:51 | Build | Siege Workshop |
| 30:52 | Build | Siege Workshop |
| 30:53 | Build | Siege Workshop |
| 30:54 | Build | Siege Workshop |
| 30:55 | Build | Siege Workshop |
| 32:04 | Create | Battering Ram |
| 32:04 | Create | Battering Ram |
| 32:08 | Build | Siege Workshop |
| 32:14 | Build | House |
| 32:15 | Build | House |
| 32:15 | Build | House |
| 32:17 | Build | House |
| 32:17 | Build | House |
| 32:19 | Build | House |
| 32:21 | Create | Villager (Male) |
| 32:21 | Create | Villager (Male) |
| 32:21 | Create | Villager (Male) |
| 32:22 | Create | Villager (Male) |
| 32:22 | Create | Villager (Male) |
| 32:33 | Create | Villager (Male) |
| 32:33 | Create | Villager (Male) |
| 32:38 | Create | Battering Ram |
| 32:38 | Create | Battering Ram |
| 32:48 | Create | Battering Ram |
| 32:48 | Create | Battering Ram |
| 32:48 | Create | Battering Ram |
| 33:15 | Build | Town Center |
| 33:19 | Create | Battering Ram |
| 33:19 | Create | Battering Ram |
Build order — Klimada
First 150 of 307 actions detected
| 0:21 | Build | Mill |
| 1:14 | Build | Town Center |
| 3:27 | Create | Villager (Male) |
| 3:27 | Create | Villager (Male) |
| 3:28 | Create | Villager (Male) |
| 3:37 | Create | Villager (Male) |
| 4:02 | Create | Villager (Male) |
| 4:06 | Create | Villager (Male) |
| 4:54 | Create | Villager (Male) |
| 5:37 | Create | Villager (Male) |
| 5:57 | Create | Villager (Male) |
| 6:48 | Create | Villager (Male) |
| 6:55 | Build | Mill |
| 7:51 | Create | Villager (Male) |
| 7:52 | Create | Villager (Male) |
| 8:24 | Create | Villager (Male) |
| 8:53 | Create | Villager (Male) |
| 9:08 | Create | Villager (Male) |
| 9:33 | Create | Villager (Male) |
| 9:40 | Create | Villager (Male) |
| 10:01 | Build | Mining Camp |
| 10:12 | Create | Villager (Male) |
| 11:00 | Create | Villager (Male) |
| 11:42 | Create | Villager (Male) |
| 11:56 | Create | Villager (Male) |
| 12:07 | Create | Villager (Male) |
| 12:18 | Create | Villager (Male) |
| 12:25 | Build | Mill |
| 12:59 | Create | Villager (Male) |
| 13:33 | Build | Barracks |
| 13:46 | Create | Villager (Male) |
| 13:57 | Create | Villager (Male) |
| 14:21 | Build | Mining Camp |
| 14:26 | Create | Villager (Male) |
| 14:59 | Build | Mining Camp |
| 15:02 | Create | Villager (Male) |
| 15:06 | Research | Feudal Age |
| 15:23 | Create | Militia |
| 15:58 | Build | Mill |
| 16:16 | Build | Lumber Camp |
| 16:29 | Create | Villager (Male) |
| 17:37 | Age | Feudal Age |
| 17:44 | Build | Blacksmith |
| 17:53 | Create | Villager (Male) |
| 17:58 | Build | Market |
| 18:03 | Create | Villager (Male) |
| 18:34 | Build | Gate |
| 18:37 | Build | Stone Wall |
| 18:53 | Build | Stone Wall |
| 18:58 | Build | Gate |
| 19:03 | Build | Stone Wall |
| 19:04 | Create | Villager (Male) |
| 19:06 | Build | Farm |
| 19:08 | Build | Farm |
| 19:09 | Build | Farm |
| 19:11 | Build | Farm |
| 19:13 | Build | Farm |
| 19:14 | Build | Farm |
| 19:15 | Create | Villager (Male) |
| 19:25 | Build | Farm |
| 19:31 | Build | Farm |
| 19:45 | Build | Mill |
| 19:53 | Create | Villager (Male) |
| 19:56 | Build | Farm |
| 20:16 | Research | Castle Age |
| 20:40 | Research | Double-Bit Axe |
| 20:42 | Research | Gold Mining |
| 20:45 | Research | Horse Collar |
| 21:04 | Research | Stone Mining |
| 21:21 | Research | Forging |
| 21:21 | Research | Scale Barding Armor |
| 21:23 | Research | Fletching |
| 21:24 | Research | Padded Archer Armor |
| 22:27 | Create | Villager (Male) |
| 22:59 | Age | Castle Age |
| 23:11 | Create | Villager (Male) |
| 23:39 | Build | Town Center |
| 23:41 | Create | Villager (Male) |
| 23:42 | Create | Villager (Male) |
| 24:17 | Create | Villager (Male) |
| 24:56 | Create | Villager (Male) |
| 25:19 | Build | Stone Wall |
| 25:23 | Build | Gate |
| 25:27 | Create | Villager (Male) |
| 25:38 | Build | Town Center |
| 25:39 | Create | Villager (Male) |
| 25:40 | Create | Villager (Male) |
| 25:41 | Create | Villager (Male) |
| 25:45 | Build | Farm |
| 26:21 | Create | Villager (Male) |
| 26:25 | Create | Villager (Male) |
| 26:25 | Create | Villager (Male) |
| 26:32 | Build | Farm |
| 26:34 | Build | Farm |
| 26:36 | Build | Farm |
| 26:41 | Build | Farm |
| 26:47 | Create | Villager (Male) |
| 26:49 | Create | Villager (Male) |
| 26:52 | Build | Farm |
| 27:03 | Create | Villager (Male) |
| 27:13 | Create | Villager (Male) |
| 27:34 | Build | Castle |
| 27:37 | Build | Farm |
| 27:38 | Create | Villager (Male) |
| 27:40 | Create | Villager (Male) |
| 27:42 | Create | Villager (Male) |
| 27:42 | Create | Villager (Male) |
| 27:57 | Build | Stone Wall |
| 28:01 | Build | Farm |
| 28:03 | Build | Farm |
| 28:06 | Build | Farm |
| 28:08 | Build | Farm |
| 28:16 | Build | Stone Wall |
| 28:18 | Build | Stone Wall |
| 28:23 | Build | Farm |
| 28:25 | Build | Farm |
| 28:26 | Create | Villager (Male) |
| 28:28 | Create | Villager (Male) |
| 28:29 | Create | Villager (Male) |
| 28:38 | Create | Villager (Male) |
| 28:39 | Create | Villager (Male) |
| 28:39 | Create | Villager (Male) |
| 29:25 | Build | Mining Camp |
| 29:28 | Research | Imperial Age |
| 29:37 | Research | Marauders |
| 29:48 | Build | Stable |
| 29:50 | Build | Stable |
| 29:50 | Build | Stable |
| 29:53 | Create | Villager (Male) |
| 29:54 | Create | Villager (Male) |
| 29:56 | Create | Villager (Male) |
| 29:59 | Create | Villager (Male) |
| 30:01 | Create | Villager (Male) |
| 30:01 | Create | Villager (Male) |
| 30:01 | Create | Villager (Male) |
| 30:35 | Build | Stable |
| 30:48 | Create | Villager (Male) |
| 30:49 | Create | Villager (Male) |
| 30:50 | Create | Villager (Male) |
| 30:55 | Build | Farm |
| 31:09 | Build | Farm |
| 31:14 | Create | Villager (Male) |
| 31:17 | Create | Villager (Male) |
| 31:21 | Create | Villager (Male) |
| 31:43 | Build | Stable |
| 31:51 | Build | Farm |
| 32:09 | Build | Mill |
| 32:13 | Research | Husbandry |
| 32:14 | Research | Bloodlines |
| 32:14 | Create | Tarkan ×5 |
Build order — Just_jawad
First 150 of 157 actions detected
| 3:26 | Build | Town Center |
| 5:17 | Create | Villager (Male) |
| 5:17 | Create | Villager (Male) |
| 5:18 | Create | Villager (Male) |
| 5:18 | Create | Villager (Male) |
| 5:18 | Create | Villager (Male) |
| 6:12 | Build | House |
| 6:35 | Build | House |
| 6:54 | Create | Villager (Male) |
| 6:55 | Create | Villager (Male) |
| 7:14 | Create | Villager (Male) |
| 7:14 | Create | Villager (Male) |
| 7:56 | Create | Villager (Male) |
| 7:56 | Create | Villager (Male) |
| 7:57 | Create | Villager (Male) |
| 8:39 | Create | Villager (Male) |
| 9:04 | Research | Loom |
| 9:42 | Create | Villager (Male) |
| 9:49 | Create | Villager (Male) |
| 10:15 | Build | House |
| 10:16 | Build | House |
| 10:22 | Create | Villager (Male) |
| 10:22 | Create | Villager (Male) |
| 11:03 | Create | Villager (Male) |
| 11:19 | Build | Barracks |
| 11:54 | Create | Villager (Male) |
| 11:54 | Create | Villager (Male) |
| 12:35 | Create | Villager (Male) |
| 13:07 | Create | Villager (Male) |
| 13:26 | Build | Barracks |
| 13:30 | Create | Militia |
| 13:31 | Create | Militia |
| 13:46 | Build | House |
| 13:51 | Build | Palisade Gate |
| 14:21 | Build | Mill |
| 14:26 | Create | Villager (Male) |
| 14:30 | Create | Militia |
| 14:42 | Create | Villager (Male) |
| 14:55 | Create | Villager (Male) |
| 14:58 | Create | Villager (Male) |
| 15:13 | Create | Militia |
| 15:59 | Build | House |
| 16:01 | Build | House |
| 16:10 | Create | Villager (Male) |
| 16:29 | Create | Militia |
| 16:38 | Create | Villager (Male) |
| 16:58 | Build | Farm |
| 17:02 | Build | Farm |
| 17:02 | Build | Farm |
| 17:16 | Build | Farm |
| 17:18 | Create | Villager (Male) |
| 17:27 | Build | Farm |
| 17:56 | Create | Villager (Male) |
| 18:37 | Research | Feudal Age |
| 19:47 | Create | Militia |
| 19:48 | Create | Militia |
| 20:01 | Create | Militia |
| 20:09 | Build | Mining Camp |
| 20:27 | Build | Mill |
| 20:47 | Age | Feudal Age |
| 20:51 | Create | Villager (Male) |
| 21:01 | Build | Market |
| 21:06 | Build | Blacksmith |
| 21:18 | Research | Arson |
| 21:25 | Research | Man-at-Arms (upgrade) |
| 21:27 | Create | Villager (Male) |
| 21:35 | Build | House |
| 21:38 | Build | House |
| 21:53 | Create | Villager (Male) |
| 22:26 | Create | Villager (Male) |
| 22:38 | Build | Lumber Camp |
| 22:41 | Create | Villager (Male) |
| 22:58 | Create | Villager (Male) |
| 23:13 | Research | Horse Collar |
| 23:20 | Research | Padded Archer Armor |
| 23:28 | Create | Villager (Male) |
| 23:56 | Research | Double-Bit Axe |
| 24:18 | Create | Villager (Male) |
| 24:19 | Create | Villager (Male) |
| 24:28 | Build | Farm |
| 24:28 | Build | Farm |
| 24:28 | Build | Farm |
| 24:46 | Create | Militia |
| 24:47 | Create | Militia |
| 25:26 | Create | Villager (Male) |
| 25:34 | Build | House |
| 25:35 | Build | House |
| 25:36 | Build | House |
| 25:37 | Build | House |
| 25:38 | Build | House |
| 26:22 | Create | Villager (Male) |
| 26:23 | Create | Villager (Male) |
| 26:43 | Create | Villager (Male) |
| 27:13 | Research | Castle Age |
| 27:31 | Research | Gold Mining |
| 28:25 | Research | Padded Archer Armor |
| 28:38 | Build | Archery Range |
| 28:42 | Create | Spearman |
| 28:43 | Create | Spearman |
| 28:43 | Create | Spearman |
| 29:14 | Create | Spearman |
| 29:14 | Create | Spearman |
| 29:51 | Create | Spearman |
| 29:51 | Create | Spearman |
| 29:55 | Age | Castle Age |
| 30:00 | Build | Castle |
| 30:14 | Create | Spearman |
| 30:14 | Create | Spearman |
| 30:31 | Build | Castle |
| 30:43 | Create | Spearman |
| 30:44 | Create | Spearman |
| 30:44 | Create | Spearman |
| 31:06 | Build | Farm |
| 31:06 | Build | Farm |
| 31:06 | Build | Farm |
| 31:07 | Build | Farm |
| 31:07 | Build | Farm |
| 31:07 | Build | Farm |
| 31:07 | Build | Farm |
| 31:46 | Create | Mangudai |
| 31:46 | Create | Mangudai |
| 31:47 | Create | Mangudai |
| 31:47 | Create | Mangudai |
| 31:47 | Create | Mangudai |
| 31:47 | Create | Mangudai |
| 31:50 | Create | Villager (Male) |
| 31:51 | Create | Villager (Male) |
| 31:51 | Create | Villager (Male) |
| 31:56 | Build | Farm |
| 31:56 | Build | Farm |
| 31:57 | Build | Farm |
| 31:57 | Build | Farm |
| 33:30 | Build | Town Center |
| 33:36 | Create | Villager (Male) |
| 33:36 | Create | Villager (Male) |
| 33:36 | Create | Villager (Male) |
| 34:11 | Create | Villager (Male) |
| 34:32 | Research | Bow Saw |
| 34:36 | Research | Leather Archer Armor |
| 34:40 | Create | Villager (Male) |
| 34:41 | Create | Villager (Male) |
| 34:50 | Build | Town Center |
| 35:36 | Research | Squires |
| 35:55 | Build | Farm |
| 35:57 | Create | Villager (Male) |
| 36:17 | Create | Villager (Male) |
| 36:29 | Build | Farm |
| 36:29 | Build | Farm |
| 36:29 | Build | Farm |
| 36:32 | Build | Farm |
Match timeline
| 7:59 | Nhialy · first_building Barracks |
| 11:19 | Just_jawad · first_building Barracks |
| 11:48 | Konstantinos V Basileius Romaion · first_building Barracks |
| 13:10 | Konstantinos V Basileius Romaion · wall_segment Palisade Wall x1 |
| 13:33 | Klimada · first_building Barracks |
| 14:36 | Harisudhan D · first_building Barracks |
| 15:53 | Konstantinos V Basileius Romaion · age_up feudal |
| 15:55 | Mistydeath · age_up feudal |
| 16:04 | Konstantinos V Basileius Romaion · first_building Stable |
| 16:06 | Memory · first_building Barracks |
| 16:18 | Nhialy · age_up feudal |
| 17:37 | Klimada · age_up feudal |
| 18:21 | Nhialy · first_building Stable |
| 18:37 | Klimada · wall_segment Stone Wall x3 |
| 18:53 | Klimada · wall_segment Stone Wall x5 |
| 18:58 | Harisudhan D · age_up feudal |
| 19:03 | Klimada · wall_segment Stone Wall x5 |
| 19:35 | Mistydeath · first_building Barracks |
| 20:24 | Nhialy · wall_segment Stone Wall x7 |
| 20:43 | Mistydeath · first_building Stable |
| 20:47 | Just_jawad · age_up feudal |
| 20:56 | Mistydeath · age_up castle |
| 21:13 | G.Best · age_up feudal |
| 22:10 | Just_jawad · first_market_sell 100 wood |
| 22:20 | Memory · age_up feudal |
| 22:38 | Memory · first_building Archery Range |
| 22:46 | G.Best · first_market_buy 100 food |
| 22:59 | Klimada · age_up castle |
| 23:25 | G.Best · first_building Barracks |
| 23:32 | Nhialy · age_up castle |
| 23:37 | Nhialy · first_building Castle |
| 24:28 | G.Best · age_up castle |
| 24:39 | G.Best · first_building Stable |
| 25:09 | Mistydeath · first_building Castle |
| 25:19 | Klimada · wall_segment Stone Wall x9 |
| 25:57 | Konstantinos V Basileius Romaion · age_up castle |
| 26:25 | Memory · first_market_sell 100 wood |
| 26:40 | Mistydeath · first_building Siege Workshop |
| 26:55 | Just_jawad · first_market_buy 100 food |
| 27:21 | Harisudhan D · first_market_buy 100 food |
| 27:34 | Klimada · first_building Castle |
| 27:40 | Mistydeath · first_market_buy 100 food |
| 27:57 | Klimada · wall_segment Stone Wall x11 |
| 28:16 | Klimada · wall_segment Stone Wall x11 |
| 28:18 | Klimada · wall_segment Stone Wall x6 |
| 28:38 | Just_jawad · first_building Archery Range |
| 29:24 | Memory · age_up castle |
| 29:33 | Memory · first_building Castle |
| 29:48 | Klimada · first_building Stable |
| 29:55 | Just_jawad · age_up castle |
| 30:00 | Just_jawad · first_building Castle |
| 30:04 | Harisudhan D · age_up castle |
| 30:51 | Harisudhan D · first_building Siege Workshop |
| 32:38 | Klimada · age_up imperial |
| 32:55 | Harisudhan D · first_market_sell 100 food |
| 34:27 | Nhialy · first_building Siege Workshop |
| 34:54 | Klimada · wall_segment Stone Wall x11 |
| 35:55 | G.Best · first_building Castle |
| 36:22 | Mistydeath · age_up imperial |
| 36:36 | Mistydeath · first_market_sell 100 wood |
| 37:21 | Konstantinos V Basileius Romaion · first_building Castle |
| 37:38 | Konstantinos V Basileius Romaion · first_building Monastery |
| 38:02 | Klimada · wall_segment Stone Wall x9 |
| 38:05 | Klimada · wall_segment Stone Wall x2 |
| 39:48 | Klimada · wall_segment Stone Wall x5 |
| 40:14 | Klimada · first_building Archery Range |
| 40:22 | Memory · age_up imperial |
| 41:34 | Just_jawad · resign |
| 42:43 | Konstantinos V Basileius Romaion · age_up imperial |
| 44:40 | Nhialy · age_up imperial |
[ AI ANALYSIS · 1 CREDIT ]
What really happened in this match?
Wolo.gg analyzes every decision: build order, eco, micro, common mistakes by bracket. Personalized analysis on WhatsApp or Discord in 30 seconds.
Civ guide
Malians
Perfil
Jugador #1755427